[Event "Nordic-chT Scholastic 2019"]
[Site "Stockholm"]
[Date "2019.09.06"]
[Round "1.1"]
[White "Bergan, Gaute"]
[Black "Aalto, Patrik"]
[Result "0-1"]
[ECO "A01"]
[WhiteElo "1862"]
[BlackElo "2104"]
[Annotator "NA"]
[PlyCount "150"]
[EventDate "2019.09.05"]
[EventType "team-tourn"]
[EventCountry "SWE"]
[SourceTitle "playchess.com"]
[Source "ChessBase"]
[SourceQuality "1"]
[TimeControl "5400+30"]

1. b3 e5 2. e3 d5 3. Bb2 Bd6 4. c4 c6 5. Nf3 f6 6. Nc3 {[%emt 0:12:44] A01: Nimzowitsch-Larsen Opening} Ne7 7. Be2 O-O 8. d3 $146 ({Predecessor:} 8. cxd5 cxd5 9. Nb5 Nbc6 10. Nxd6 Qxd6 11. O-O Bg4 12. h3 {½-½ (89) Punzon Moraleda,J (2486)-Sivic,K (2338) ICCF email 2012}) 8... Be6 9. O-O a6 10. Rc1 Nd7 11. cxd5 cxd5 12. a3 b5 13. b4 Nb6 14. Nd2 Qe8 15. Bh5 g6 16. Be2 a5 17. bxa5 Rxa5 18. Ra1 Qd7 19. Qc1 Rc8 20. Nb3 Ra7 21. d4 Nc4 22. Bxc4 ({White should play} 22. dxe5 $15 fxe5 23. Nd2) 22... bxc4 23. Nd2 Rb8 24. a4 (24. dxe5 $15 Bxe5 25. a4) 24... exd4 25. exd4 Bb4 26. Nb5 Ra6 27. Bc3 Nc6 28. Qb2 Bf8 29. Rfe1 Na7 30. Bb4 Nxb5 31. Bxf8 c3 32. Qb4 $19 cxd2 33. Reb1 Rxf8 34. axb5 Rxa1 35. Rxa1 Rc8 36. Qxd2 Qxb5 37. h3 Qd7 38. Qf4 Kg7 39. h4 Qc7 40. Qe3 Bf7 41. Qf3 Qc3 42. Qd1 Rc4 43. h5 Rxd4 44. Qb1 Rb4 45. Qd1 d4 46. Ra7 Qb3 47. h6+ Kxh6 48. Qg4 d3 49. Qh3+ Kg7 50. Rd7 Qd1+ 51. Kh2 Qh5 52. Qxh5 gxh5 53. Rxd3 Rh4+ 54. Kg1 Rg4 55. Rd7 Kg6 56. Kh2 Ra4 57. Kg3 Ra3+ 58. Kh4 Be6 59. Re7 Ra4+ 60. Kg3 Bd5 61. Rd7 Rg4+ 62. Kh3 Bxg2+ 63. Kh2 Be4 64. Rd4 Bb7 65. Rd2 Rf4 66. Rb2 Be4 67. Kg3 Rf3+ 68. Kh2 Rc3 69. Re2 f5 70. Rd2 Rc2 71. Rd6+ Kg5 72. Kg3 h4+ 73. Kh3 Rxf2 74. Rg6+ Kxg6 75. Kxh4 Rg2 0-1

[Event "Nordic-chT Scholastic 2019"]
[Site "Stockholm"]
[Date "2019.09.06"]
[Round "1.2"]
[White "Lehtinen, Justus"]
[Black "Johansen, Mikkel Li"]
[Result "1-0"]
[ECO "B88"]
[WhiteElo "1485"]
[BlackElo "1489"]
[Annotator "NA RC"]
[PlyCount "63"]
[EventDate "2019.09.05"]
[EventType "team-tourn"]
[EventCountry "SWE"]
[SourceTitle "playchess.com"]
[Source "ChessBase"]
[SourceQuality "1"]
[TimeControl "5400+30"]

1. e4 c5 2. Nf3 d6 3. d4 cxd4 4. Nxd4 Nc6 5. Nc3 Nf6 6. Bc4 e6 7. O-O Be7 8. Re1 O-O 9. Bg5 h6 10. Bh4 Nd7 11. Bxe7 Qxe7 12. Ndb5 Nde5 13. Nxd6 Rd8 14. Nxc8 Raxc8 15. Bd3 Nb4 16. Re3 Nc4 17. Rg3 Nxb2 18. Qg4 g6 19. Bf1 Rd2 20. e5 Rxc2 21. Ne4 N4d3 22. Bxd3 Nxd3 23. Rxd3 f5 24. Qxg6+ Kh8 25. Qxh6+ Qh7 26. Qf6+ Qg7 27. Rd8+ Kh7 28. Ng5+ Qxg5 29. Qxg5 R8c3 30. Qh5+ Kg7 31. Rd7+ Kg8 32. Qh7+ 1-0

[Event "Nordic-chT Scholastic 2019"]
[Site "Stockholm"]
[Date "2019.09.06"]
[Round "1.3"]
[White "Lazareva, Emilie"]
[Black "Aurela, Valtteri"]
[Result "1-0"]
[ECO "C02"]
[WhiteElo "1319"]
[BlackElo "1467"]
[Annotator "NA RC"]
[PlyCount "61"]
[EventDate "2019.09.05"]
[EventType "team-tourn"]
[EventCountry "SWE"]
[SourceTitle "playchess.com"]
[Source "ChessBase"]
[SourceQuality "1"]
[TimeControl "5400+30"]

1. e4 e6 2. d4 d5 3. e5 c5 4. c3 cxd4 5. cxd4 Bb4+ 6. Nc3 Ne7 7. Nf3 O-O 8. Be2 h6 9. O-O Bd7 10. a3 Bxc3 11. bxc3 b5 12. Re1 Nf5 13. Bd2 Nc6 14. Bxb5 Ncxd4 15. Nxd4 Nxd4 16. Bxd7 Qxd7 17. cxd4 Rab8 18. Qg4 g5 19. Bxg5 hxg5 20. Qxg5+ Kh8 21. Re3 f6 22. Rh3+ Qh7 23. Rxh7+ Kxh7 24. exf6 Rf7 25. Re1 Rb3 26. h3 Rxa3 27. Rxe6 Rc3 28. Qh5+ Kg8 29. Re8+ Rf8 30. Qg6+ Kh8 31. Qg7# 1-0

[Event "Nordic-chT Scholastic 2019"]
[Site "Stockholm"]
[Date "2019.09.06"]
[Round "1.7"]
[White "Kraemmer, Kischichiro"]
[Black "Heidarsson, Arnar Milutin"]
[Result "0-1"]
[ECO "E21"]
[WhiteElo "1591"]
[BlackElo "1756"]
[Annotator "NA"]
[PlyCount "80"]
[EventDate "2019.09.05"]
[EventType "team-tourn"]
[EventCountry "SWE"]
[SourceTitle "playchess.com"]
[Source "ChessBase"]
[SourceQuality "1"]
[TimeControl "5400+30"]

1. d4 Nf6 2. Nf3 e6 3. c4 b6 4. Nc3 Bb4 5. Bg5 Bb7 6. e3 O-O 7. Bd3 d6 8. O-O Bxc3 9. bxc3 Nbd7 10. Rb1 e5 11. e4 Qe8 12. Re1 h6 13. Bh4 c5 14. d5 Bc8 15. h3 Nh5 16. Nd2 Nf4 17. Be2 Kh8 18. Bg4 Nf6 19. Bf3 Bd7 20. Bg3 g5 21. Kh2 Rg8 22. Bxf4 gxf4 23. Rg1 Qe7 24. Qe2 Nh7 25. g4 Qh4 26. Rh1 Ng5 27. Kg2 Rg7 28. Rh2 Rag8 29. Rbh1 Nh7 30. Kf1 Qd8 31. Bg2 Qc8 32. Nb3 Qa6 33. Ke1 Rb8 34. f3 b5 35. cxb5 Bxb5 36. Qd2 Qa3 37. Bf1 Ng5 38. Rf2 Bxf1 39. Kxf1 c4 40. Nc1 Rb1 0-1

[Event "Nordic-chT Scholastic 2019"]
[Site "Stockholm"]
[Date "2019.09.06"]
[Round "1.9"]
[White "Olsen, William Alexander"]
[Black "Burgaard, Kristian Gade"]
[Result "1-0"]
[ECO "A04"]
[WhiteElo "1800"]
[BlackElo "1586"]
[Annotator "NA RC"]
[PlyCount "89"]
[EventDate "2019.09.05"]
[EventType "team-tourn"]
[EventCountry "SWE"]
[SourceTitle "playchess.com"]
[Source "ChessBase"]
[SourceQuality "1"]
[TimeControl "5400+30"]

1. Nf3 c5 2. c4 Nc6 3. g3 Nf6 4. Bg2 d6 5. Nc3 e6 6. O-O Be7 7. e4 a6 8. d4 cxd4 9. Nxd4 Bd7 10. Be3 O-O 11. Rc1 Qb8 12. h3 Rc8 13. b3 b6 14. g4 Ra7 15. g5 Ne8 16. f4 g6 17. h4 Ng7 18. Qe2 Rac7 19. Qb2 Na7 20. f5 exf5 21. Nd5 Bf8 22. Nxc7 Rxc7 23. Qf2 b5 24. exf5 Nxf5 25. Nxf5 Bxf5 26. Bb6 Rd7 27. Rcd1 bxc4 28. bxc4 Nc8 29. Bd4 Ne7 30. c5 dxc5 31. Bxc5 Rxd1 32. Rxd1 Qe5 33. Re1 Qc7 34. Kh1 Be6 35. Bd4 Nf5 36. Be5 Qc4 37. Re2 Qxh4+ 38. Qxh4 Nxh4 39. Bb7 a5 40. Bc3 Nf5 41. Rb2 a4 42. Bc6 h6 43. gxh6 Bxh6 44. Rb8+ Kh7 45. Rh8# 1-0

[Event "Nordic-chT Scholastic 2019"]
[Site "Stockholm"]
[Date "2019.09.06"]
[Round "1.10"]
[White "Elmi, Saad Abobaker"]
[Black "Heiberg, Clara"]
[Result "*"]
[ECO "C88"]
[WhiteElo "1620"]
[BlackElo "1483"]
[Annotator "NA RC"]
[PlyCount "44"]
[EventDate "2019.09.05"]
[EventType "team-tourn"]
[EventCountry "SWE"]
[SourceTitle "playchess.com"]
[Source "ChessBase"]
[SourceQuality "1"]
[TimeControl "5400+30"]

1. e4 e5 2. Nf3 Nc6 3. Bb5 a6 4. Ba4 Nf6 5. O-O b5 6. Bb3 Be7 7. Re1 d6 8. h3 O-O 9. c3 Na5 10. Bc2 c5 11. d4 cxd4 12. cxd4 Qc7 13. Nbd2 Bb7 14. d5 Rac8 15. Bb3 Nd7 16. a3 Nxb3 17. Nxb3 f5 18. Nbd2 f4 19. Nf1 Qc2 20. N1h2 Rc7 21. b4 Nb6 22. Qd2 Rfc8 *

[Event "Nordic-chT Scholastic 2019"]
[Site "Stockholm"]
[Date "2019.09.06"]
[Round "1.10"]
[White "Heiberg, Clara"]
[Black "Elmi, Saad Abobaker"]
[Result "0-1"]
[ECO "C99"]
[WhiteElo "1483"]
[BlackElo "1620"]
[Annotator "NA RC"]
[PlyCount "77"]
[EventDate "2019.09.05"]
[EventType "team-tourn"]
[EventCountry "SWE"]
[SourceTitle "playchess.com"]
[Source "ChessBase"]
[SourceQuality "1"]
[TimeControl "5400+30"]

1. e4 e5 2. Nf3 Nc6 3. Bb5 a6 4. Ba4 Nf6 5. O-O b5 6. Bb3 Be7 7. Re1 d6 8. h3 O-O 9. c3 Na5 10. Bc2 c5 11. d4 cxd4 12. cxd4 Qc7 13. Nbd2 Bb7 14. d5 Rac8 15. Bb3 Nd7 16. a3 Nxb3 17. Nxb3 f5 18. Nbd2 f4 19. Nf1 Qc2 20. N1h2 Rc7 21. b4 Nb6 22. Qd2 Rfc8 23. Ng4 h5 24. Ngh2 Rc4 25. Qxc2 Rxc2 26. Bd2 Nc4 27. Red1 Kf8 28. g3 g5 29. gxf4 gxf4 30. Bc1 Kf7 31. Nd2 Rg8+ 32. Kf1 Bc8 33. Nhf3 Bxh3+ 34. Ke1 Bg4 35. Ke2 Rc3 36. Ra2 Nxd2 37. Kxd2 Rxf3 38. Ke1 Rh3 39. Rd3 0-1

[Event "Nordic-chT Scholastic 2019"]
[Site "Stockholm"]
[Date "2019.09.06"]
[Round "1.11"]
[White "Vo, Hy Chang"]
[Black "Mollegaard, Julius Mygind"]
[Result "1-0"]
[ECO "B35"]
[WhiteElo "1301"]
[BlackElo "1237"]
[Annotator "NA RC"]
[PlyCount "137"]
[EventDate "2019.09.05"]
[EventType "team-tourn"]
[EventCountry "SWE"]
[SourceTitle "playchess.com"]
[Source "ChessBase"]
[SourceQuality "1"]
[TimeControl "5400+30"]

1. e4 c5 2. Nf3 Nc6 3. d4 cxd4 4. Nxd4 g6 5. Nc3 Bg7 6. Be3 Nf6 7. Bc4 O-O 8. Qd2 Ng4 9. Nxc6 bxc6 10. Bf4 Qb6 11. Na4 Qb7 12. f3 Nf6 13. O-O d6 14. Rab1 Bd7 15. Nc3 Rfc8 16. e5 dxe5 17. Bxe5 Rd8 18. Qe2 Qb6+ 19. Kh1 Bf5 20. Bb3 Re8 21. Na4 Qb7 22. g4 Bd7 23. Nc5 Qb6 24. Qc4 Be6 25. Nxe6 fxe6 26. Qxe6+ Kh8 27. Rbd1 Qc5 28. Bd4 Qb5 29. Rfe1 c5 30. Qe5 Qb7 31. Bxc5 Qxf3+ 32. Kg1 Nxg4 33. Qg3 Qf5 34. Ba3 Rad8 35. Be6 Qxc2 36. Qxg4 Bxb2 37. Bb3 Qc3 38. Bxb2 Qxb2 39. Rxd8 Rxd8 40. Rxe7 Qa1+ 41. Kg2 Rd2+ 42. Re2 Rxe2+ 43. Qxe2 Qf6 44. Qe8+ Kg7 45. Qd7+ Kh6 46. Qh3+ Kg7 47. Qf3 Qxf3+ 48. Kxf3 Kf6 49. Kg4 h6 50. Bc4 g5 51. Bd3 a5 52. Kh5 Ke5 53. Kxh6 Kf4 54. h3 g4 55. hxg4 Kxg4 56. Kg6 Kf4 57. Kf6 Ke3 58. Bb5 Kd4 59. Ke6 Kc5 60. a4 Kb6 61. Kd5 Ka7 62. Kc6 Kb8 63. Kb6 Ka8 64. Bc6+ Kb8 65. Kxa5 Ka7 66. Bd5 Kb8 67. Kb6 Kc8 68. a5 Kb8 69. a6 1-0

[Event "Nordic-chT Scholastic 2019"]
[Site "Stockholm"]
[Date "2019.09.06"]
[Round "2.1"]
[White "Aalto, Patrik"]
[Black "Stefansson, Vignir Vatnar"]
[Result "0-1"]
[ECO "B00"]
[WhiteElo "2104"]
[BlackElo "2316"]
[Annotator "ChessBase"]
[PlyCount "64"]
[EventDate "2019.09.05"]
[EventType "team-tourn"]
[EventCountry "SWE"]
[SourceTitle "playchess.com"]
[Source "ChessBase"]
[SourceQuality "1"]
[TimeControl "5400+30"]

1. e4 b6 2. d4 Bb7 3. Bd3 e6 4. Nf3 Nf6 5. Qe2 d5 6. e5 Ng8 7. O-O c5 8. c4 cxd4 9. Nxd4 Bc5 10. Qg4 Ne7 11. Nb3 Nbc6 12. Nxc5 bxc5 13. Qxg7 Rg8 14. Qf6 Ng6 15. Qxd8+ Rxd8 16. cxd5 Ncxe5 17. Bb5+ Ke7 18. f4 Ng4 19. h3 Nf6 20. Be3 Rc8 21. dxe6 fxe6 22. g4 h5 23. g5 Nd5 24. Bd2 Rcf8 25. Nc3 Ndxf4 26. Kh2 Rf5 27. Rf2 Rxg5 28. Bf1 Nh4 29. Bxf4 Rg1 30. Bg2 R1xg2+ 31. Rxg2 Rxg2+ 32. Kh1 Rf2+ 0-1

[Event "Nordic-chT Scholastic 2019"]
[Site "Stockholm"]
[Date "2019.09.06"]
[Round "2.2"]
[White "Briem, Stephan"]
[Black "Lehtinen, Justus"]
[Result "1-0"]
[ECO "E44"]
[WhiteElo "2204"]
[BlackElo "1485"]
[Annotator "NA"]
[PlyCount "65"]
[EventDate "2019.09.05"]
[EventType "team-tourn"]
[EventCountry "SWE"]
[SourceTitle "playchess.com"]
[Source "ChessBase"]
[SourceQuality "1"]
[TimeControl "5400+30"]

1. d4 Nf6 2. c4 e6 3. Nc3 Bb4 4. e3 b6 5. Nge2 Bb7 6. a3 Be7 7. d5 O-O 8. e4 exd5 {[%emt 0:06:32] E44: Nimzo-Indian: Rubinstein: 4...b6 5 Ne2} 9. cxd5 Bc5 $146 {[%emt 0:02:02] [#]} ({Predecessor:} 9... Re8 $11 {remains equal.} 10. g3 Bc5 11. Bg2 Ng4 12. O-O Qf6 13. Nf4 Nxf2 14. Rxf2 Bxf2+ 15. Kxf2 c5 16. Kg1 d6 17. Nb5 Qd8 18. Nh5 Qd7 19. Bh6 f5 20. Nxg7 Qxb5 21. Nxf5 {1-0 (21) Moreno Ruiz,J (2461)-Vallejo Diaz,J (2204) Madrid 2019}) 10. b4 ({Better is} 10. Ng3 $1 $16) 10... Be7 11. Ng3 d6 12. Be2 Nfd7 13. Bb2 Ne5 14. f4 Ng6 15. O-O Bc8 16. Nh5 f5 17. Nb5 a6 18. Qd4 Rf7 19. Nc3 Bf6 20. Nxf6+ Qxf6 21. Qd2 fxe4 22. Nxe4 Qf5 23. Ng5 Re7 24. Bd3 Qxd5 25. Qc2 $18 Be6 26. Be4 Qc4 27. Bxg6 hxg6 28. Qxg6 Nc6 29. f5 Bd5 30. f6 Qg4 31. Qh7+ Kf8 32. fxe7+ Kxe7 33. Qxg7+ 1-0

[Event "Nordic-chT Scholastic 2019"]
[Site "Stockholm"]
[Date "2019.09.06"]
[Round "2.3"]
[White "Aurela, Valtteri"]
[Black "Heidarsson, Arnar Milutin"]
[Result "1/2-1/2"]
[ECO "B50"]
[WhiteElo "1467"]
[BlackElo "1756"]
[Annotator "NA"]
[PlyCount "105"]
[EventDate "2019.09.05"]
[EventType "team-tourn"]
[EventCountry "SWE"]
[SourceTitle "playchess.com"]
[Source "ChessBase"]
[SourceQuality "1"]
[TimeControl "5400+30"]

1. e4 c5 2. Nf3 d6 3. d3 Nc6 4. Nc3 Nf6 5. Be2 g6 6. O-O Bg7 7. h3 O-O 8. Be3 b6 9. d4 cxd4 10. Nxd4 Bb7 11. Bf3 Rc8 12. Ncb5 Nxd4 13. Bxd4 a6 14. Nc3 b5 15. e5 Bxf3 16. Qxf3 dxe5 17. Bxe5 b4 18. Rad1 Qa5 19. Nd5 Nxd5 20. Qxd5 Qxd5 21. Rxd5 Rxc2 22. Re1 Bxe5 23. Rexe5 Rxb2 24. Ra5 Rc8 25. Rxa6 Rcc2 26. Rxe7 Rxf2 27. Raa7 Rxg2+ 28. Kf1 Rgf2+ 29. Ke1 Rxa2 30. Rxa2 Rxa2 31. Rb7 Rh2 32. Rxb4 Rxh3 33. Kf2 h5 34. Rb6 Ra3 35. Rd6 Kg7 36. Rd7 g5 37. Rd5 Kg6 38. Rd6+ f6 39. Rb6 g4 40. Kg2 Kg5 41. Rb5+ f5 42. Rc5 Ra2+ 43. Kg1 h4 44. Kh1 g3 45. Kg1 h3 46. Rc1 Kg4 47. Kh1 h2 48. Rc4+ f4 49. Rxf4+ Kg5 50. Rf5+ Kg4 51. Rf4+ Kg5 52. Rf5+ Kg6 53. Rf6+ 1/2-1/2

[Event "Nordic-chT Scholastic 2019"]
[Site "Stockholm"]
[Date "2019.09.06"]
[Round "2.5"]
[White "Ivarsson, Sebastian"]
[Black "Bergan, Gaute"]
[Result "0-1"]
[ECO "D15"]
[WhiteElo "1976"]
[BlackElo "1862"]
[Annotator "NA"]
[PlyCount "100"]
[EventDate "2019.09.05"]
[EventType "team-tourn"]
[EventCountry "SWE"]
[SourceTitle "playchess.com"]
[Source "ChessBase"]
[SourceQuality "1"]
[TimeControl "5400+30"]

1. d4 d5 2. c4 c6 3. Nf3 Nf6 4. Nc3 a6 5. cxd5 cxd5 6. e3 Nc6 7. Bd3 Bg4 8. O-O e6 9. b3 Bb4 10. Bb2 Rc8 11. Rc1 Qa5 12. Be2 O-O 13. a3 Bxc3 14. Rxc3 Ne4 15. Rc1 $15 b5 16. Ne1 Bxe2 17. Qxe2 Qd2 18. Rc2 Qxe2 19. Rxe2 Na5 20. f3 Nc3 21. Rd2 Nxb3 22. Rd3 Ne2+ 23. Kf2 Nec1 24. Rd1 Rc7 25. e4 Rfc8 26. Kg3 Na5 27. Rf2 Na2 28. Nd3 Nc3 29. Rc1 Na4 30. Rxc7 Rxc7 31. exd5 Nxb2 32. Rxb2 Nc4 33. Re2 Rd7 34. dxe6 fxe6 35. Rxe6 Rxd4 36. Nf4 Rd6 37. Rxd6 Nxd6 38. Nd5 a5 39. Ne7+ Kf7 40. Nc6 Nc4 41. Kf4 a4 42. Ke4 Nxa3 43. Kd4 Nc2+ 44. Kc3 Ne3 45. Nd4 Nd5+ 46. Kd3 b4 47. Kc4 b3 48. Nb5 b2 49. Na3 Ne3+ 50. Kb4 Nc2+ 0-1

[Event "Nordic-chT Scholastic 2019"]
[Site "Stockholm"]
[Date "2019.09.06"]
[Round "2.6"]
[White "Johansen, Mikkel Li"]
[Black "Dingertz, Erik"]
[Result "0-1"]
[ECO "C56"]
[WhiteElo "1489"]
[BlackElo "1896"]
[Annotator "NA"]
[PlyCount "42"]
[EventDate "2019.09.05"]
[EventType "team-tourn"]
[EventCountry "SWE"]
[SourceTitle "playchess.com"]
[Source "ChessBase"]
[SourceQuality "1"]
[TimeControl "5400+30"]

1. e4 e5 2. Nf3 Nc6 3. d4 exd4 4. Bc4 Nf6 5. O-O Nxe4 6. Re1 d5 7. Bxd5 Qxd5 8. Nc3 Qa5 9. Rxe4+ Be6 10. Nxd4 O-O-O 11. Be3 Bc5 12. Nce2 Rhe8 13. Qe1 Qxe1+ 14. Rxe1 Bd5 15. Nxc6 Bxe3 16. Nxa7+ Bxa7 17. Ra4 Kb8 18. Kf1 Bc6 19. Ra3 Rd2 20. Rd3 Rxc2 21. Nf4 Rxf2+ 0-1

[Event "Nordic-chT Scholastic 2019"]
[Site "Stockholm"]
[Date "2019.09.06"]
[Round "2.7"]
[White "Stromgard, Martin"]
[Black "Nickelsen, Emil"]
[Result "1-0"]
[ECO "C00"]
[WhiteElo "1648"]
[BlackElo "1286"]
[Annotator "NA"]
[PlyCount "93"]
[EventDate "2019.09.05"]
[EventType "team-tourn"]
[EventCountry "SWE"]
[SourceTitle "playchess.com"]
[Source "ChessBase"]
[SourceQuality "1"]
[TimeControl "5400+30"]

1. e4 e6 2. e5 d5 3. d4 c5 4. Bb5+ Bd7 5. Bxd7+ Qxd7 6. f4 Nc6 7. Nf3 Nh6 8. c3 Be7 9. f5 Nxf5 10. O-O O-O 11. Ng5 cxd4 12. Qh5 Bxg5 13. Bxg5 Nce7 14. g4 Ne3 15. Rf3 Nxg4 16. Qxg4 Nf5 17. Nd2 h6 18. Bh4 dxc3 19. Nb3 cxb2 20. Rb1 d4 21. Rxb2 Rad8 22. Rg2 g6 23. Bxd8 Qxd8 24. Rd2 Qc7 25. Qe4 Rd8 26. Kg2 Qb6 27. Rfd3 Rf8 28. Nxd4 Ne7 29. Nxe6 Qxe6 30. Rd6 Qc8 31. Rf6 Qc1 32. Rdf2 Qg5+ 33. Kh3 Qh5+ 34. Kg2 Nf5 35. e6 Qg5+ 36. Kh3 Qh5+ 37. Kg2 Qg5+ 38. Kh3 Qxf6 39. exf7+ Rxf7 40. Rg2 Kg7 41. Rg4 Qc3+ 42. Kg2 Qd2+ 43. Kh1 Qd1+ 44. Rg1 Qd4 45. Qg2 Re7 46. Qxg6+ Kf8 47. Qg8# {[%emt 0:00:07] Qd8} 1-0

[Event "Nordic-chT Scholastic 2019"]
[Site "Stockholm"]
[Date "2019.09.06"]
[Round "2.8"]
[White "Buxrud, Fredrik Berg"]
[Black "Gaudras, Allan"]
[Result "0-1"]
[ECO "C02"]
[WhiteElo "1224"]
[BlackElo "1380"]
[Annotator "NA"]
[PlyCount "120"]
[EventDate "2019.09.05"]
[EventType "team-tourn"]
[EventCountry "SWE"]
[SourceTitle "playchess.com"]
[Source "ChessBase"]
[SourceQuality "1"]
[TimeControl "5400+30"]

1. e4 e6 2. d4 d5 3. e5 c5 4. c3 Nc6 5. Nf3 Qb6 6. Be2 Bd7 7. O-O O-O-O 8. Re1 Nge7 9. Qc2 Ng6 10. Be3 Kb8 11. Nbd2 Rc8 12. Qb3 Qa5 13. Red1 c4 14. Qc2 Be7 15. b3 b5 16. a4 cxb3 17. Qxb3 b4 18. Rdb1 Ka8 19. Ra2 Rb8 20. c4 Rhc8 21. h3 h6 22. c5 f6 23. exf6 Bxf6 24. Qd3 Nge7 25. Bf4 Rb7 26. Qa6 Qd8 27. Nb3 Nb8 28. Bxb8 Rc6 29. Qd3 Rxb8 30. a5 Bc8 31. a6 Rc7 32. Na5 Bd7 33. Qd2 Rcc8 34. Rxb4 Rxb4 35. Qxb4 Rb8 36. Qc3 Qc7 37. Nb7 Bc6 38. Na5 Bd7 39. Ra3 Nf5 40. Rb3 Rxb3 41. Nxb3 Nd6 42. Bd3 Nb5 43. Bxb5 Bxb5 44. Qe3 Qc6 45. Ne5 Qxa6 46. Ng4 Bd8 47. Qe5 g6 48. Qh8 Qc8 49. Qxh6 Bd3 50. Qe3 Bc4 51. Nd2 Bb5 52. Ne5 g5 53. Nf7 Bc7 54. Nxg5 Qa6 55. Qe1 Bf4 56. Ngf3 Be8 57. Nf1 Bh5 58. Qe2 Qxe2 59. Ng3 Bxg3 60. fxg3 Bxf3 0-1

[Event "Nordic-chT Scholastic 2019"]
[Site "Stockholm"]
[Date "2019.09.06"]
[Round "2.9"]
[White "Falkevall, Axel"]
[Black "Olsen, William Alexander"]
[Result "1-0"]
[ECO "B22"]
[WhiteElo "2000"]
[BlackElo "1800"]
[Annotator "NA"]
[PlyCount "47"]
[EventDate "2019.09.05"]
[EventType "team-tourn"]
[EventCountry "SWE"]
[SourceTitle "playchess.com"]
[Source "ChessBase"]
[SourceQuality "1"]
[TimeControl "5400+30"]

1. e4 c5 2. c3 d5 3. exd5 Qxd5 4. d4 Nf6 5. Nf3 cxd4 6. cxd4 g6 7. Nc3 Qd8 8. Bc4 Bg7 9. O-O O-O 10. h3 Qc7 11. Qe2 a6 12. Bg5 e6 13. Rac1 Nc6 14. Rfd1 b5 15. Bb3 Qb7 $18 (15... Qb6 $16) 16. Bxf6 Bxf6 17. Ne4 Bg7 18. d5 Nd8 19. Nd6 Qd7 20. dxe6 Nxe6 21. Nxc8 Raxc8 22. Rxd7 Rxc1+ 23. Kh2 Nf4 24. Qe3 1-0

[Event "Nordic-chT Scholastic 2019"]
[Site "Stockholm"]
[Date "2019.09.06"]
[Round "2.10"]
[White "Elmi, Saad Abobaker"]
[Black "Grahn, Vidar"]
[Result "1/2-1/2"]
[ECO "B36"]
[WhiteElo "1620"]
[BlackElo "1962"]
[Annotator "NA"]
[PlyCount "66"]
[EventDate "2019.09.05"]
[EventType "team-tourn"]
[EventCountry "SWE"]
[SourceTitle "playchess.com"]
[Source "ChessBase"]
[SourceQuality "1"]
[TimeControl "5400+30"]

1. e4 c5 2. Nf3 Nc6 3. d4 cxd4 4. Nxd4 g6 5. c4 Nf6 6. Nc3 d6 7. Be2 Nxd4 8. Qxd4 Bg7 9. O-O O-O 10. f3 {[%emt 0:02:06] B36: Sicilian: Maroczy Bind: Gurgenidze System} (10. Qe3 Bd7 11. Rd1 Qa5 12. Bd2 Bc6 13. Nd5 Qd8 14. Rab1 Nd7 15. b4 e6 16. Nc3 b6 17. Qg3 Qe7 18. Bg5 f6 {0-1 (29) Zhigalko,A (2545)-Melkumyan,H (2670) St Petersburg 2018}) 10... Be6 11. Qd3 Nd7 12. b3 Nc5 13. Qc2 $146 ({Predecessor:} 13. Qd2 a5 14. Rb1 Qb6 15. Kh1 Bxc3 16. Qxc3 Qb4 17. Qd4 f6 18. f4 a4 {0-1 (46) Maiberg,W (1905)-De Haro,M (1987) Florianopolis 2015}) 13... a5 14. Be3 Qd7 15. Rad1 Rfc8 16. Nd5 Bxd5 17. Rxd5 Qc6 18. Qd2 b6 19. Bh6 Be5 20. f4 Nxe4 21. Qe3 e6 22. Rb5 Bh8 23. f5 $17 exf5 24. g4 Nc3 25. Rbxf5 Nxe2+ 26. Qxe2 gxf5 27. Rxf5 Bd4+ 28. Be3 Qe4 29. Rf3 Re8 30. Kg2 Bxe3 31. h3 Bd4 32. Qd2 Qe2+ 33. Kg3 Qxd2 1/2-1/2

[Event "Nordic-chT Scholastic 2019"]
[Site "Stockholm"]
[Date "2019.09.06"]
[Round "2.11"]
[White "Platkovs, Daniils"]
[Black "Vo, Hy Chang"]
[Result "1-0"]
[ECO "C02"]
[WhiteElo "1431"]
[BlackElo "1301"]
[Annotator "NA"]
[PlyCount "47"]
[EventDate "2019.09.05"]
[EventType "team-tourn"]
[EventCountry "SWE"]
[SourceTitle "playchess.com"]
[Source "ChessBase"]
[SourceQuality "1"]
[TimeControl "5400+30"]

1. e4 e6 2. d4 d5 3. e5 c5 4. c3 Nc6 5. Nf3 Qb6 6. Be2 Bd7 7. O-O Be7 8. Re1 Rc8 9. a3 cxd4 10. cxd4 f6 11. b4 a6 12. Bb2 Na7 13. Nc3 a5 14. Na4 Qc6 15. Nc5 Bxc5 16. dxc5 Qc7 17. Rc1 Nc6 18. b5 Nxe5 19. Nxe5 fxe5 20. Bh5+ Kf8 21. Bxe5 Qd8 22. Bd6+ Ne7 23. Qf3+ Kg8 24. Qf7# 1-0

[Event "Nordic-chT Scholastic 2019"]
[Site "Stockholm"]
[Date "2019.09.07"]
[Round "3.3"]
[White "Heidarsson, Arnar Milutin"]
[Black "Stromgard, Martin"]
[Result "1-0"]
[ECO "D00"]
[WhiteElo "1756"]
[BlackElo "1648"]
[Annotator "NA RC"]
[PlyCount "73"]
[EventDate "2019.09.05"]
[EventType "team-tourn"]
[EventCountry "SWE"]
[SourceTitle "playchess.com"]
[Source "ChessBase"]
[SourceQuality "1"]
[TimeControl "5400+30"]

1. d4 d5 2. Nc3 e6 3. Bf4 c6 4. e3 c5 5. Nb5 Na6 6. c3 c4 7. b3 Bd7 8. bxc4 Qa5 9. Qb3 dxc4 10. Bxc4 Nb4 11. Nc7+ Kd8 12. Nxa8 Ba4 13. Bc7+ Qxc7 14. Nxc7 Bxb3 15. Bxb3 Kxc7 16. cxb4 Bxb4+ 17. Ke2 Nf6 18. Nf3 Ne4 19. Rac1+ Kb6 20. Rhf1 Nc3+ 21. Kd3 Nb5 22. Ne5 f6 23. Nd7+ Ka6 24. Bc4 Ka5 25. Bxb5 Kxb5 26. Rb1 Ka5 27. a3 Bxa3 28. Ra1 Kb5 29. Rxa3 a6 30. Rb1+ Kc6 31. Nc5 Ra8 32. Rxb7 e5 33. Kc4 exd4 34. exd4 Kd6 35. Rd7+ Kc6 36. d5+ Kb6 37. Rb7# 1-0

[Event "Nordic-chT Scholastic 2019"]
[Site "Stockholm"]
[Date "2019.09.07"]
[Round "3.4"]
[White "Gaudras, Allan"]
[Black "Hakonarson, Sverrir"]
[Result "0-1"]
[ECO "A45"]
[WhiteElo "1380"]
[BlackElo "1531"]
[Annotator "NA RC"]
[PlyCount "126"]
[EventDate "2019.09.05"]
[EventType "team-tourn"]
[EventCountry "SWE"]
[SourceTitle "playchess.com"]
[Source "ChessBase"]
[SourceQuality "1"]
[TimeControl "5400+30"]

1. d4 Nf6 2. e3 c5 3. c3 e6 4. Bd3 b6 5. f4 Bb7 6. Nf3 Be7 7. Nbd2 O-O 8. O-O Qc7 9. Qc2 Nc6 10. Ng5 h6 11. Nge4 Nd5 12. Rf3 f5 13. Nf2 Rac8 14. Nb3 Nxd4 15. cxd4 Nb4 16. Qe2 Bxf3 17. Qxf3 Nxd3 18. Nxd3 c4 19. Ne5 cxb3 20. axb3 Bb4 21. Nd3 Bd6 22. Bd2 Qc2 23. Qe2 a5 24. b4 Bxb4 25. Nxb4 axb4 26. Qe1 Ra8 27. Bxb4 Rxa1 28. Qxa1 Rc8 29. Bc3 Qe4 30. Qe1 Qc6 31. Qg3 d5 32. Qg6 Qe8 33. Qg3 b5 34. Qe1 Qc6 35. h3 Qc4 36. Kh2 Qb3 37. Qd2 Rc4 38. Ba5 Rc2 39. Qe1 Qxb2 40. Qg3 Kh7 41. h4 Qa3 42. h5 Qe7 43. Qg6+ Kg8 44. Kh3 Qf7 45. Qxf7+ Kxf7 46. Kg3 Rc4 47. Kf3 b4 48. Bxb4 Rxb4 49. g4 fxg4+ 50. Kxg4 Kf6 51. Kg3 Rb1 52. Kg2 Kf5 53. Kf3 Rh1 54. e4+ dxe4+ 55. Ke3 Rxh5 56. d5 exd5 57. Kf2 Kxf4 58. Kg2 d4 59. Kf2 Rh2+ 60. Kf1 Kf3 61. Kg1 Ra2 62. Kh1 Kg3 63. Kg1 Ra1# 0-1